Map: 블루시프트 - 래더

Players

Dark - Winner!

  • Race: Zerg Zerg
  • League: Grandmaster
  • Spawn Location: 7:00

llllllllllll (Trap)

  • Race: Protoss Protoss
  • League: Master
  • Spawn Location: 1:00

Event: IEM Season 13 - Katowice Server Qualifiers Asia 1

VOD

Have the link to the VOD?

Description

Time

  • Played on: Jan. 14, 2019, 7:31 a.m.
  • Length: 18:05

All games in this series

Show
View Real Time Build Order
Export as new Build Order

Dark Zerg - Winner!

Build Orders: Hatch First, Swarm Host 

Get SALT Encoding   

  12  0:00  Drone  
  13  0:07  Drone  
  14  0:17  Overlord  
  14  0:21  Extractor  
  14  0:23  Drone  
  15  0:35  Drone x2  
  17  0:43  Drone  
  18  1:03  Hatchery  
  17  1:04  Drone  
  17  1:09  Extractor  
  17  1:15  Drone  
  18  1:19  Spawning Pool  
  18  1:21  Drone  
  18  1:34  Drone  
  19  1:48  Hatchery, Drone  
  19  1:53  Drone  
  20  2:02  Drone  
  21  2:10  Overlord  
  21  2:12  Metabolic Boost  
  22  2:24  Hatchery  
  22  2:27  Queen  
  23  2:33  Zergling x2  
  23  2:34  Zergling x2  
  25  2:46  Drone  
  26  2:53  Drone  
  27  2:59  Queen  
  27  3:00  Overlord  
  27  3:03  Drone  
  29  3:12  Queen  
  29  3:13  Drone x2  
  33  3:22  Drone  
  33  3:25  Drone  
  35  3:32  Overlord  
  35  3:35  Queen  
  35  3:38  Queen  
  35  3:39  Drone x2  
  35  3:40  Drone  
  42  3:42  Drone  
  42  3:45  Drone  
  44  3:50  Drone x2  
  44  3:55  Drone x2  
  48  3:58  Overlord  
  48  4:01  Overlord  
  48  4:06  Overlord  
  48  4:07  Zergling x2  
  48  4:08  Zergling x2  
  50  4:10  Spore Crawler  
  50  4:12  Spore Crawler  
  48  4:17  Drone x3  
  48  4:18  Drone  
  48  4:21  Drone x2  
  48  4:23  Drone  
  55  4:30  Drone x2  
  55  4:31  Drone  
  58  4:38  Lair  
  58  4:40  Drone x2  
  58  4:41  Roach Warren  
  58  4:44  Overlord  
  59  4:46  Drone  
  59  4:50  Overlord  
  59  4:51  Drone x2  
  62  4:57  Extractor  
  62  4:58  Extractor  
  62  4:59  Drone x3  
  64  5:00  Extractor, Drone  
  64  5:05  Zergling x4  
  64  5:06  Zergling x2  
  65  5:07  Spine Crawler  
  65  5:10  Zergling x4  
  66  5:15  Drone x2  
  66  5:18  Drone x2  
  66  5:19  Overlord  
  71  5:28  Drone x3  
  71  5:29  Drone  
  71  5:34  Drone x2  
  71  5:35  Drone  
  77  5:38  Drone  
  77  5:41  Queen  
  77  5:42  Queen x2  
  82  5:47  Spore Crawler  
  81  5:52  Spore Crawler, Spire  
  81  5:55  Drone x4  
  83  5:58  Overlord, Extractor  
  83  6:00  Extractor  
  83  6:02  Spore Crawler  
  80  6:04  Overlord  
  80  6:07  Spore Crawler  
  80  6:10  Overlord  
  79  6:11  Overlord  
  79  6:14  Spore Crawler  
  76  6:19  Overlord  
  76  6:22  Drone x6  
  76  6:23  Drone  
  76  6:25  Drone  
  81  6:30  Drone x2  
  81  6:31  Overlord  
  83  6:39  Drone x2  
  85  6:40  Drone x5  
  85  6:45  Overlord  
  85  6:46  Overlord  
  89  6:52  Drone  
  90  6:58  Overlord  
  90  7:02  Overlord x4  
  90  7:03  Overlord  
  86  7:18  Corruptor x4  
  86  7:19  Corruptor  
  94  7:23  Corruptor x2  
  95  7:31  Corruptor x2  
  99  7:37  Corruptor x2  
  99  7:42  Glial Reconstitution  
  99  7:43  Evolution Chamber  
  95  8:00  Hatchery  
  95  8:01  Drone  
  95  8:09  Zerg Missile Weapons Level 1, Hydralisk Den  
  95  8:11  Roach x10  
  112  8:13  Roach  
  112  8:18  Roach  
  112  8:19  Roach x2  
  119  8:21  Roach  
  119  8:22  Roach  
  119  8:26  Roach  
  125  8:27  Roach  
  125  8:30  Roach  
  125  8:31  Roach x2  
  125  8:32  Roach  
  131  8:35  Roach  
  132  8:47  Roach x7  
  142  8:50  Roach  
  144  8:59  Hydralisk Den  
  144  9:02  Roach x3  
  149  9:03  Ravager x2  
  149  9:04  Ravager x5  
  149  9:07  Roach  
  158  9:15  Roach x2  
  158  9:16  Roach  
  162  9:20  Drone x3  
  160  9:31  Overlord  
  160  9:32  Grooved Spines  
  160  9:33  Drone x3  
  150  9:49  Drone x5  
  150  9:50  Drone x2  
  153  9:54  Spore Crawler, Drone x3  
  153  9:57  Drone x3  
  158  10:03  Zerg Missile Weapons Level 2  
  158  10:05  Hydralisk x3  
  164  10:10  Overlord x3  
  164  10:16  Hydralisk  
  164  10:18  Extractor  
  164  10:19  Overlord x3  
  164  10:20  Overseer x2  
  165  10:25  Hatchery  
  164  10:31  Hydralisk x6  
  164  10:33  Hydralisk  
  164  10:35  Hydralisk  
  180  10:43  Muscular Augments  
  180  10:44  Zerg Flyer Weapons Level 1  
  180  10:45  Hydralisk x5  
  190  10:51  Hydralisk x3  
  196  10:57  Ravager x2  
  196  10:58  Ravager  
  199  11:09  Zergling x2  
  200  11:17  Overlord  
  200  11:19  Extractor  
  200  11:23  Zergling x6  
  193  11:39  Overseer  
  126  11:48  Hydralisk x20  
  126  11:50  Roach  
  126  11:51  Roach  
  126  11:52  Zergling x2  
  126  11:53  Zergling x8  
  142  11:54  Hydralisk  
  142  11:57  Hydralisk  
  142  12:01  Zergling x6  
  149  12:05  Hydralisk x2  
  149  12:07  Hydralisk  
  155  12:13  Hydralisk  
  145  12:26  Roach x9  
  145  12:27  Roach  
  157  12:30  Roach x2  
  125  12:38  Roach x2  
  117  12:44  Hydralisk x2  
  117  12:48  Drone x4  
  117  12:50  Drone  
  126  12:52  Drone  
  126  12:55  Drone  
  124  13:00  Roach x2  
  124  13:01  Roach  
  124  13:05  Drone x2  
  114  13:30  Hydralisk x9  
  114  13:33  Roach  
  116  13:36  Drone  
  116  13:39  Roach x2  
  119  13:42  Roach x2  
  119  13:46  Zerg Ground Armor Level 1  
  123  13:51  Drone x5  
  126  13:56  Spore Crawler  
  126  14:01  Hydralisk x2  
  126  14:02  Hydralisk  
  128  14:06  Infestation Pit  
  128  14:08  Drone x4  
  131  14:18  Drone  
  131  14:19  Drone  
  129  14:42  Swarm Host x14  
  129  14:44  Swarm Host  
  174  14:46  Swarm Host  
  177  14:54  Roach x4  
  177  14:56  Roach  
  187  15:03  Roach x3  
  188  15:21  Hydralisk x2  
  188  15:22  Hydralisk x2  
  196  15:31  Hatchery  
  196  15:33  Roach  
  197  15:47  Hydralisk x3  
  195  15:56  Hydralisk x3  
  180  15:58  Roach x5  
  180  16:03  Hydralisk  
  180  16:04  Hydralisk x3  
  184  16:08  Drone x3  
  184  16:11  Roach x2  
  197  16:16  Swarm Host  
  192  16:35  Hydralisk x5  
  192  16:38  Roach x2  
  192  16:39  Roach  
  198  16:40  Roach  
  198  16:41  Roach  
  198  16:44  Roach  
  194  16:50  Hydralisk x2  
  198  16:55  Drone x2  
  200  17:05  Roach x3  
  192  17:08  Roach x3  
  192  17:09  Roach x2  
  192  17:10  Roach  
Show
View Real Time Build Order
Export as new Build Order

llllllllllll Protoss 

Build Orders: Phoenix Opening, Mass Phoenix 

Get SALT Encoding   

  12  0:00  Probe  
  13  0:12  Probe  
  14  0:21  Pylon  
  14  0:24  Probe  
  15  0:35  Probe  
  16  0:43  Probe  
  16  0:44  Gateway  
  17  0:52  Assimilator  
  17  0:54  Probe  
  18  0:59  Pylon  
  18  1:06  Probe  
  19  1:18  Probe  
  20  1:22  Zealot  
  20  1:30  Probe  
  23  1:34  Cybernetics Core  
  23  1:36  Pylon  
  23  1:58  Probe  
  24  2:10  Probe, Stalker  
  24  2:13  Nexus  
  27  2:26  Assimilator  
  27  2:29  Probe  
  28  2:39  Stargate  
  28  2:41  Probe  
  29  2:53  Probe  
  29  2:54  Warp Gate  
  29  2:57  Pylon  
  30  3:06  Probe  
  31  3:15  Adept  
  31  3:18  Gateway, Phoenix  
  31  3:19  Probe  
  34  3:26  Probe  
  36  3:31  Probe  
  37  3:34  Probe  
  38  3:43  Probe  
  38  3:45  Probe  
  38  3:46  Phoenix  
  42  3:56  Probe  
  42  4:00  Probe  
  44  4:06  Assimilator  
  44  4:08  Probe  
  44  4:09  Assimilator  
  45  4:11  Phoenix  
  45  4:12  Probe  
  48  4:20  Pylon  
  48  4:21  Probe  
  48  4:23  Stargate  
  48  4:24  Probe  
  50  4:33  Probe  
  50  4:35  Probe  
  50  4:36  Phoenix  
  54  4:41  Pylon  
  54  4:43  Probe  
  54  4:45  Probe  
  55  4:52  Probe  
  56  4:56  Adept  
  56  4:57  Adept, Probe  
  62  5:01  Phoenix  
  62  5:02  Probe  
  65  5:08  Phoenix  
  65  5:09  Probe  
  68  5:18  Probe  
  69  5:21  Probe  
  69  5:22  Pylon  
  69  5:25  Pylon  
  70  5:40  Phoenix x2  
  74  5:44  Zealot x2  
  74  5:47  Protoss Air Weapons Level 1  
  78  5:50  Shield Battery  
  78  5:56  Phoenix x2  
  77  6:00  Probe  
  79  6:09  Pylon  
  79  6:10  Zealot x2  
  86  6:13  Pylon  
  86  6:29  Gateway x2  
  86  6:31  Sentry x2  
  86  6:32  Forge  
  90  6:35  Twilight Council  
  90  6:41  Probe x2  
  90  6:45  Robotics Facility  
  92  6:47  Pylon  
  92  6:52  Charge, Nexus, Protoss Ground Weapons Level 1  
  92  7:01  Pylon  
  92  7:13  Gateway  
  92  7:16  Gateway  
  92  7:19  Gateway  
  90  7:25  Templar Archives, Warp Prism  
  90  7:30  Probe x2  
  90  7:34  Gateway  
  94  7:40  Shield Battery  
  94  7:41  Pylon  
  94  7:58  Stalker x4  
  96  8:00  Shield Battery  
  100  8:08  Probe x3  
  103  8:18  Warp Prism  
  103  8:21  High Templar x2  
  103  8:22  High Templar x2, Zealot x3  
  103  8:24  Pylon  
  103  8:26  Archon x2  
  115  8:27  Pylon  
  115  8:37  Protoss Ground Weapons Level 2  
  113  8:44  Immortal, Zealot x4  
  113  8:47  Probe x3  
  108  9:00  Probe x3  
  111  9:04  Assimilator  
  111  9:07  Assimilator  
  111  9:11  High Templar x2, Zealot x2  
  111  9:13  Immortal  
  111  9:15  Archon  
  119  9:19  Zealot x2  
  125  9:33  Robotics Facility  
  125  9:35  Zealot x2  
  125  9:36  Zealot  
  123  9:46  Shield Battery  
  123  9:47  Shield Battery  
  123  9:57  High Templar x2, Zealot  
  123  9:58  Immortal, Zealot x5  
  139  10:02  Pylon  
  139  10:04  Psionic Storm, Archon  
  143  10:21  Photon Cannon  
  143  10:27  High Templar  
  145  10:31  Photon Cannon x2  
  145  10:32  High Templar  
  145  10:34  Pylon  
  147  10:37  Pylon  
  147  10:41  High Templar  
  149  10:42  Warp Prism  
  149  10:46  Immortal  
  155  10:56  Nexus  
  155  10:59  Pylon  
  155  11:05  High Templar  
  155  11:08  High Templar  
  159  11:12  Nexus  
  159  11:13  Immortal  
  159  11:16  Immortal  
  163  11:32  High Templar  
  159  11:35  Zealot x5  
  151  11:43  Zealot x2  
  139  11:47  Archon x2  
  139  11:53  Warp Prism  
  125  11:58  Stalker x2  
  129  12:06  High Templar  
  129  12:07  High Templar, Zealot x4  
  135  12:27  Immortal x2  
  119  12:42  High Templar x2  
  119  12:43  High Templar x2, Zealot x4  
  115  12:55  Immortal  
  115  12:56  Archon  
  109  13:05  Zealot x4  
  112  13:10  Immortal  
  103  13:24  Immortal  
  97  13:28  Zealot x6  
  99  13:35  High Templar x2  
  99  13:41  Immortal  
  107  13:51  Nexus  
  109  14:04  Observer, High Templar x2  
  109  14:05  High Templar x2  
  109  14:06  Zealot x2  
  122  14:10  Archon  
  122  14:11  Warp Prism, Archon  
  121  14:17  Immortal  
  121  14:19  Zealot  
  127  14:39  High Templar x2, Zealot x3  
  127  14:43  Archon  
  127  14:45  Blink  
  133  14:47  Zealot x3  
  135  15:15  High Templar  
  135  15:16  High Templar x3  
  135  15:19  Zealot x4  
  147  15:29  Assimilator  
  147  15:31  Assimilator  
  147  15:33  Pylon  
  145  15:36  Probe x4  
  145  15:48  Immortal  
  137  15:55  Zealot x3  
  122  16:06  Pylon  
  122  16:08  Pylon  
  120  16:13  High Templar x3  
  120  16:14  High Templar, Zealot  
  120  16:15  Zealot  
  120  16:16  Zealot  
  120  16:17  Archon x2  
  131  16:34  Zealot x2  
  131  16:35  Zealot  
  131  16:36  Zealot  
  131  16:45  Immortal  
  113  16:47  Zealot x3  
  113  16:48  Zealot  
  113  16:49  Observer  
  121  16:59  High Templar x4  
  134  17:03  Archon x2  
  114  17:27  Zealot x3  
  114  17:28  Zealot  
  105  17:41  High Templar x2, Zealot x2  
  107  17:45  Archon  
  105  17:52  Sentry x2  
  103  18:01  Archon  

Tags
 
Add a new tag
Caveats
  • Supply blocks, unpowered buildings, or Contaminate may cause inaccurate times.
  • Supply counts are checked every 10 seconds.